 Dungeon Crawl Stone Soup version bcrawl-1.31.4 (webtiles) character file.

Game seed: 1863468153246424820

372853 Morbidden the Slasher (level 10, -1/59 HPs)
             Began as a Mana Stalker Fighter on May 28, 2021.
             Was a Follower of Cheibriados.
             Slain by a soldier ant (2 damage)
             ... on level 7 of the Dungeon.
             The game lasted 00:09:36 (5144 turns).

Morbidden the Slasher (Mana Stalker Fighter)        Turns: 5144, Time: 00:09:37

Health: -1/59      AC: 15    Str: 22    XL:     10   Next: 0%
Magic:  16/16      EV:  5    Int: 14    God:    Cheibriados [*.....]
Gold:   312        SH: 13    Dex: 17    Spells: 13/16 levels left

rFire    . . .     SeeInvis .   a - +0 long sword
rCold    + . .     Gourm    .   c - +0 medium shield
rNeg     . . .     Faith    .   B - +0 plate armour
rPois    .         Spirit   .   (no helmet)
rElec    .         Reflect  .   r - +2 cloak
rCorr    .         Harm     .   (no gloves)
MR       ++...                  (no boots)
Stlth    ..........             p - amulet of regeneration
HPRegen  1.07/turn              h - ring of protection from cold
MPRegen  0.15/turn              (no ring)

@: lethally poisoned (-1 -> -18), very slow
A: fangs 3, magic resistance 1, regeneration 1, antimagic bite, no potion heal
3, rot immunity, strong jaws
a: Bend Time, Renounce Religion


You were on level 7 of the Dungeon.
You worshipped Cheibriados.
Cheibriados was aware of your devotion.
You were hungry.

You visited 2 branches of the dungeon, and saw 8 of its levels.

You collected 312 gold pieces.

Inventory:

Hand Weapons
 a - a +0 long sword (weapon)
Missiles
 s - a throwing net {=f}
 t - 70 poisoned tomahawks (quivered)
Armour
 c - a +0 medium shield (worn)
 q - a scarf of repulsion
 r - a +2 cloak (worn)
 B - a +0 plate armour (worn)
Jewellery
 b - a +5 ring of dexterity {unknown}
 h - a ring of protection from cold (left hand)
 p - an amulet of regeneration (around neck)
 y - the ring of the Queen {Fire Int+3}
   (You found it on level 4 of the Dungeon)

   [ring of fire]

   It enhances your fire magic.
   It affects your intelligence (+3).
   It protects you from fire.
   It makes you vulnerable to cold.
Wands
 m - a wand of paralysis (4)
 C - a wand of enslavement (5)
Scrolls
 f - a scroll of fear {unknown}
 g - 4 scrolls of amnesia
 i - 5 scrolls of identify
 k - a scroll of immolation
 l - 7 scrolls of remove curse
 o - 2 scrolls of enchant armour {unknown}
 w - a scroll of enchant weapon {unknown}
 x - a scroll of magic mapping {unknown}
 A - 2 scrolls of fog {unknown}
Potions
 n - a potion of degeneration {unknown}
 u - a potion of curing {unknown}
 v - 3 potions of flight
 z - a potion of magic {unknown}
 D - a potion of cancellation {unknown}
 E - 2 potions of invisibility {unknown}
Comestibles
 e - 11 rations {!d}
 F - 8 chunks of flesh


   Skills:
 * Level 5.3 Fighting
 * Level 6.9 Long Blades
 + Level 1.5 Throwing
 + Level 4.2 Armour
 * Level 5.3 Dodging
 + Level 2.7 Stealth
 + Level 5.2 Shields
 * Level 3.9 Spellcasting
 * Level 1.9 Conjurations
 * Level 2.9 Invocations
 + Level 0.4 Evocations


You had 13 spell levels left.
You knew the following spells:

 Your Spells              Type           Power        Failure   Level  Hunger
a - Iskenderun's Mystic   Conj           #.......     100%        3    ###....

Your spell library contained the following spells:

 Spells                   Type           Power        Failure   Level  Hunger
 Magic Dart               Conj           #...         100%        1    None
 Blink                    Tloc           N/A          100%        2    None
 Call Imp                 Summ           #.....       100%        2    None
 Searing Ray              Conj           #.......     100%        2    None
 Confuse                  Hex            #.......     100%        3    ###....
 Conjure Flame            Conj/Fire      #.......     100%        3    ###....
 Dazzling Orbs            Conj/Hex       #......      100%        3    ###....
 Mephitic Cloud           Conj/Pois/Air  #.......     100%        3    ###....
 Spider Form              Tmut/Pois      #..          100%        3    ###....
 Fulminant Prism          Conj/Hex       #.........   100%        4    #####..
 Petrify                  Tmut/Erth      #.........   100%        4    #####..
 Yara's Violent Unravell  Hex/Tmut       #.........   100%        4    #####..
 Irradiate                Conj/Tmut      #.........   100%        5    ######.
 Metabolic Englaciation   Hex/Ice        #.........   100%        5    ######.
 Mana Rupture             Conj/Hex       #.........   100%        7    #######


Dungeon Overview and Level Annotations

Branches:
Dungeon (7/12)             Temple (1/1) D:5
   Lair: D:7-9

Altars:
Ashenzari
Cheibriados
Fedhas
Okawaru
Trog
Wu Jian
Xom
The Shining One

Shops:
D:6 ?%


Innate Abilities, Weirdness & Mutations

You have razor-sharp teeth.
You are resistant to hostile enchantments. (MR+)
Your natural rate of healing is unusually fast.
Your bite disrupts and absorbs the magic of your enemies.
Potions cannot restore your health.
You are immune to rotting.
Your bites deal extra damage.


Message History

You block the orc's attack. The orc wizard casts a spell at you.
The puff of flame hits you but does no damage.
You block the phantom's attack. You block something's attack.
You hit something. Your bite misses something.
* * * LOW HITPOINT WARNING * * *
You feel very sick. You block the soldier ant's attack.
You block the orc's attack.
The orc wizard hits you but does no damage.
You are more poisoned.
The orc hits you with a +0 club.
* * * LOW HITPOINT WARNING * * *
Something hits you but does no damage.
The phantom hits you but does no damage.
Your magical contamination has completely faded away.
You slash something! You bite something.
* * * LOW HITPOINT WARNING * * *
You feel very sick. The soldier ant stings you.
You die...

..?.≈≈. .#
....≈≈. .##
♣..... ..#
♣♣..... ..###
...._..##....
...........#
#...§Wo.%#
#..≈§o@.#
.....§≈ao{#
..........#
##!....##...
..##.## ###.
. #. # . .#
.... ...


You could see a phantom, a soldier ant, an orc wizard and 2 orcs.

Vanquished Creatures
  A two-headed ogre (D:7)
  Grinder (D:4)
  2 hippogriffs
  An orc warrior (D:6)
  An ice beast (D:5)
  A black bear (D:5)
  3 ogres
  2 phantoms
  A necrophage (D:6)
  A centaur (D:7)
  A bullfrog (D:6)
  Blork the orc (D:5)
  A big kobold (D:6)
  A scorpion (D:4)
  2 howler monkeys
  A crimson imp (D:4)
  A quasit (D:5)
  An orc priest (D:7)
  4 hounds
  A jelly (D:7)
  An orc wizard (D:5)
  2 centaur skeletons
  Natasha (twice) (D:3)
  8 worker ants
  7 gnolls
  8 adders
  3 shadow imps
  7 oozes
  An adder skeleton (D:6)
  3 worms
  4 dart slugs
  4 leopard geckos
  8 orcs
  2 giant cockroaches
  8 goblins
  9 hobgoblins
  7 jackals
  12 kobolds
  6 quokkas
  5 bats
  6 frilled lizards
  A quokka skeleton (D:4)
  6 rats
148 creatures vanquished.

Notes
Turn   | Place    | Note
-------+----------+-------------------------------------------
     0 | D:1      | Morbidden the Vine Stalker Fighter began the quest for the
                  | Orb.
     0 | D:1      | Reached XP level 1. HP: 13/13 MP: 2/2
   320 | D:1      | Reached XP level 2. HP: 18/18 MP: 3/3
   985 | D:2      | Reached XP level 3. HP: 23/23 MP: 4/4
  1060 | D:2      | Reached skill level 2 in Long Blades
  1175 | D:2      | Found a bloodstained altar of Trog.
  1175 | D:2      | Found a blossoming altar of Fedhas.
  1436 | D:2      | Reached XP level 4. HP: 28/28 MP: 5/5
  1953 | D:3      | Reached skill level 1 in Dodging
  2063 | D:3      | Reached XP level 5. HP: 25/32 MP: 6/6
  2198 | D:3      | Reached skill level 3 in Long Blades
  2256 | D:3      | Noticed Natasha
  2274 | D:3      | Killed Natasha
  2321 | D:3      | Found a shimmering altar of Xom.
  2504 | D:3      | Gained mutation: You have razor-sharp teeth. [Vine Stalker
                  | growth]
  2504 | D:3      | Reached XP level 6. HP: 37/37 MP: 7/7
  2524 | D:3      | Noticed Natasha
  2529 | D:3      | Killed Natasha
  2727 | D:4      | Noticed Grinder
  2760 | D:4      | Paralysed by Grinder for 4 turns
  2806 | D:4      | Paralysed by Grinder for 4 turns
  2811 | D:4      | Killed Grinder
  2812 | D:4      | Reached skill level 4 in Long Blades
  2812 | D:4      | Reached XP level 7. HP: 17/42 MP: 8/8
  2860 | D:4      | Reached skill level 1 in Throwing
  3053 | D:4      | Got a fine steel ring
  3054 | D:4      | Identified the ring of the Queen {Fire Int+3} (You found it
                  | on level 4 of the Dungeon)
  3242 | D:5      | Entered Level 5 of the Dungeon
  3327 | D:5      | Found a shattered altar of Ashenzari.
  3440 | D:5      | Reached skill level 1 in Spellcasting
  3476 | D:5      | Reached skill level 5 in Long Blades
  3476 | D:5      | Gained mutation: Your bite disrupts and absorbs the magic
                  | of your enemies. [Mana Stalker growth]
  3476 | D:5      | Gained mutation: You are resistant to hostile enchantments.
                  | (MR+) [Mana Stalker growth]
  3476 | D:5      | Reached XP level 8. HP: 43/48 MP: 9/10
  3625 | D:5      | Noticed Blork the orc
  3646 | D:5      | Killed Blork the orc
  3661 | D:5      | Found an iron altar of Okawaru.
  3838 | D:5      | Found a staircase to the Ecumenical Temple.
  4022 | Temple   | Entered the Ecumenical Temple
  4029 | Temple   | Became a worshipper of Cheibriados the Contemplative
  4288 | D:6      | Reached skill level 1 in Invocations
  4395 | D:6      | Reached skill level 6 in Long Blades
  4399 | D:6      | Reached * piety under Cheibriados
  4400 | D:6      | Reached XP level 9. HP: 48/52 MP: 12/14
  4504 | D:6      | Found Okhusux's Food Boutique.
  4555 | D:6      | Reached skill level 5 in Fighting
  4673 | D:6      | Found Wacael's Magic Scroll Shop.
  4987 | D:6      | Learned a level 3 spell: Iskenderun's Mystic Blast
  5020 | D:7      | Noticed a two-headed ogre
  5026 | D:7      | Reached skill level 1 in Stealth
  5030 | D:7      | Killed a two-headed ogre
  5031 | D:7      | Reached skill level 5 in Dodging
  5031 | D:7      | Reached skill level 5 in Shields
  5031 | D:7      | Reached skill level 1 in Conjurations
  5130 | D:7      | Found an ornate altar of the Wu Jian Council.
  5141 | D:7      | Reached XP level 10. HP: 19/59 MP: 16/16
  5143 | D:7      | HP: 2/59 [orc/+0 club (4)]
  5144 | D:7      | Slain by a soldier ant

Skill      XL: |  1  2  3  4  5  6  7  8  9 |
---------------+----------------------------+-----
Armour         | 3 4 |  4.2
Fighting       | 3 4 5 |  5.3
Long Blades    | 2 3 4 5 6 |  6.9
Dodging        | 1 2 3 4 5 |  5.3
Shields        | 3 4 5 |  5.2
Throwing       | 1 |  1.5
Spellcasting   | 1 2 3 |  3.9
Invocations    | 1 2 |  2.9
Stealth        | 2 |  2.7
Conjurations   | 1 |  1.9
Evocations     | |  0.4

Action                   |  1- 3 |  4- 6 |  7- 9 | 10-12 || total
-------------------------+-------+-------+-------+-------++-------
Melee: Long sword        |   148 |   166 |   339 |     3 ||   656
       Bite              |    19 |    21 |   108 |     1 ||   149
Throw: Tomahawk          |       |    20 |    24 |       ||    44
Evoke: Wand              |       |       |     5 |       ||     5
  Use: Scroll            |       |     3 |     8 |       ||    11
       Potion            |       |     1 |       |       ||     1
 Stab: Paralysed         |       |       |    11 |       ||    11
  Eat: Chunk             |     7 |    11 |    17 |       ||    35
Armor: Scale mail        |    73 |    79 |    96 |       ||   248
       Plate armour      |       |       |   147 |     7 ||   154
Dodge: Dodged            |    32 |    34 |    79 |     1 ||   146
Block: Medium shield     |    82 |   100 |   243 |     7 ||   432
